3400 views
Uploaded 2020-03-29 00:41:10
Game version 1.32.3
87:17 long 3on3 ladder game on (6)BloodstoneMesa_LV
Saved by BEARAND
3400 views
Uploaded 2020-03-29 00:41:10
Game version 1.32.3
87:17 long 3on3 ladder game on (6)BloodstoneMesa_LV


86 units @ 8k
/ 0.5k
248 buildings @ 18.5k
/ 7.7k



| Rod of Necromancy | 1 | 150 |
| Orb of Corruption | 3 | 1125 |
| Boots of Speed | 3 | 750 |
| Staff of Teleportation | 3 | 450 |
| Circlet of Nobility | 4 | 700 |
| Staff of Sanctuary | 3 | 750 |
| total: | 17 | 3925g |
| Acolyte | 8 | 600 | / | 0 |
| Ghoul | 9 | 1080 | / | 0 |
| Obsidian Statue | 2 | 400 | / | 70 |
| Crypt Fiend | 4 | 860 | / | 160 |
| total: | 23 | 2940g | / | 230w |
| Nerubian Tower | 7 | 700 | / | 140 |
| Spirit Tower | 6 | 870 | / | 240 |
| Crypt | 1 | 200 | / | 50 |
| Altar of Darkness | 1 | 180 | / | 50 |
| Ziggurat | 28 | 4200 | / | 1400 |
| Graveyard | 1 | 215 | / | 0 |
| Tomb of Relics | 3 | 390 | / | 90 |
| Necropolis | 1 | 225 | / | 0 |
| Slaughterhouse | 1 | 140 | / | 135 |
| Sacrificial Pit | 1 | 75 | / | 150 |
| Halls of the Dead | 1 | 320 | / | 210 |
| Black Citadel | 1 | 325 | / | 230 |
| total: | 37 | 5625g | / | 1875w |
| 0:03 | Acolyte |
| 0:08 | Crypt |
| 0:16 | Altar of Darkness |
| 0:18 | Acolyte |
| 0:34 | Ziggurat |
| 1:04 | Ziggurat |
| 1:09 | Ghoul |
| 1:18 | Ghoul |
| 1:26 | Nerubian Tower |
| 1:30 | Ghoul |
| 1:47 | Graveyard |
| 1:59 | Ghoul |
| 2:09 | Nerubian Tower |
| 2:22 | Death Coil |
| 2:30 | Ghoul |
| 2:38 | Ghoul |
| 3:05 | Tomb of Relics |
| 3:12 | Tomb of Relics |
| 3:22 | Tomb of Relics |
| 4:03 | Ghoul |
| 4:06 | Boots of Speed |
| 4:06 | Staff of Teleportation |
| 4:36 | Circlet of Nobility |
| 4:49 | Unholy Aura |
| 4:51 | Halls of the Dead |
| 4:56 | Ghoul |
| 5:54 | Unholy Strength |
| 6:20 | Rod of Necromancy |
| 6:31 | Ghoul |
| 6:47 | Death Coil |
| 7:56 | Acolyte |
| 8:29 | Black Citadel |
| 8:34 | Frost Nova |
| 8:43 | Necropolis |
| 9:07 | Slaughterhouse |
| 9:26 | Ziggurat |
| 9:29 | Ziggurat |
| 10:11 | Boots of Speed |
| 10:11 | Staff of Teleportation |
| 10:15 | Circlet of Nobility |
| 10:22 | Acolyte |
| 10:22 | Acolyte |
| 10:23 | Acolyte |
| 10:23 | Acolyte |
| 10:32 | Ziggurat |
| 10:54 | Unholy Aura |
| 11:55 | Obsidian Statue |
| 11:56 | Obsidian Statue |
| 12:00 | Orb of Corruption |
| 12:04 | Nerubian Tower |
| 12:06 | Ziggurat |
| 13:05 | Spirit Tower |
| 13:12 | Acolyte |
| 13:14 | Carrion Swarm |
| 13:22 | Frost Armor |
| 13:31 | Web |
| 14:00 | Staff of Teleportation |
| 14:09 | Boots of Speed |
| 14:23 | Circlet of Nobility |
| 15:36 | Orb of Corruption |
| 16:24 | Burrow |
| 16:24 | Crypt Fiend |
| 16:36 | Ziggurat |
| 16:37 | Ziggurat |
| 16:38 | Ziggurat |
| 16:38 | Ziggurat |
| 16:40 | Ziggurat |
| 16:42 | Ziggurat |
| 16:43 | Ziggurat |
| 16:44 | Ziggurat |
| 16:47 | Spirit Tower |
| 16:48 | Ziggurat |
| 16:48 | Ziggurat |
| 16:49 | Ziggurat |
| 17:00 | Staff of Sanctuary |
| 18:27 | Nerubian Tower |
| 18:29 | Nerubian Tower |
| 18:31 | Spirit Tower |
| 18:40 | Ziggurat |
| 18:41 | Ziggurat |
| 18:42 | Ziggurat |
| 18:49 | Orb of Corruption |
| 19:15 | Creature Attack |
| 19:18 | Staff of Sanctuary |
| 19:40 | Nerubian Tower |
| 19:43 | Spirit Tower |
| 20:18 | Ziggurat |
| 20:19 | Ziggurat |
| 20:32 | Creature Carapace |
| 20:59 | Ziggurat |
| 21:00 | Ziggurat |
| 21:01 | Ziggurat |
| 21:01 | Ziggurat |
| 21:02 | Ziggurat |
| 21:03 | Ziggurat |
| 21:14 | Spirit Tower |
| 21:16 | Nerubian Tower |
| 23:15 | Spirit Tower |
| 24:26 | Crypt Fiend |
| 24:26 | Crypt Fiend |
| 25:26 | Crypt Fiend |
| 26:09 | Sleep |
| 27:04 | Staff of Sanctuary |
| 30:43 | Frost Nova |
| 31:20 | Death Coil |
| 32:54 | Carrion Swarm |
| 32:56 | Carrion Swarm |
| 36:22 | Sacrificial Pit |
| 45:06 | Frost Armor |
| 50:46 | Circlet of Nobility |
| 59:59 | Unholy Aura |
| 60:33 | Vampiric Aura |
| 66:05 | Frost Nova |
| 75:00 | Carrion Swarm |
| 76:21 | Animate Dead |
| 76:57 | Death and Decay |
| 84:33 | Inferno |
| 85:58 | Improved Creature Attack |
| 85:59 | Improved Unholy Strength |
| Right click | 9156 |
| Select group | 4463 |
| Select | 759 |
| Use ability | 489 |
| Resource trade | 413 |
| Chat | 368 |
| Build/train/purchase | 111 |
| Minimap ping | 63 |
| Misc. action | 61 |
| Assign group | 31 |
| Item give/drop | 11 |
| Esc | 2 |



| Staff of Sanctuary | 3 | 750 |
| Potion of Healing | 1 | 150 |
| Dust of Appearance | 1 | 75 |
| Scroll of Town Portal | 3 | 1050 |
| Staff of Teleportation | 3 | 450 |
| Boots of Speed | 2 | 500 |
| Potion of Invisibility | 1 | 100 |
| Potion of Lesser Invulnerability | 1 | 150 |
| Periapt of Vitality | 1 | 325 |
| total: | 16 | 3550g |
| Peasant | 16 | 1200 | / | 0 |
| Priest | 1 | 135 | / | 10 |
| Dragonhawk Rider | 7 | 1400 | / | 210 |
| total: | 24 | 2735g | / | 220w |
| Scout Tower | 163 | 4890 | / | 3260 |
| Arcane Tower | 9 | 630 | / | 450 |
| Guard Tower | 129 | 9030 | / | 6450 |
| Altar of Kings | 1 | 180 | / | 50 |
| Farm | 7 | 560 | / | 140 |
| Lumber Mill | 1 | 120 | / | 0 |
| Arcane Vault | 4 | 520 | / | 120 |
| Town Hall | 1 | 385 | / | 205 |
| Blacksmith | 1 | 140 | / | 60 |
| Barracks | 1 | 160 | / | 60 |
| Arcane Sanctum | 1 | 150 | / | 140 |
| Gryphon Aviary | 2 | 280 | / | 300 |
| Keep | 1 | 320 | / | 210 |
| Castle | 1 | 360 | / | 210 |
| total: | 182 | 7385g | / | 4335w |
| 0:01 | Peasant |
| 0:01 | Peasant |
| 0:06 | Altar of Kings |
| 0:10 | Peasant |
| 0:17 | Farm |
| 0:22 | Lumber Mill |
| 0:25 | Peasant |
| 0:50 | Peasant |
| 0:54 | Peasant |
| 0:57 | Scout Tower |
| 1:17 | Peasant |
| 1:20 | Farm |
| 1:28 | Scout Tower |
| 1:32 | Scout Tower |
| 1:36 | Arcane Tower |
| 1:41 | Peasant |
| 1:45 | Scout Tower |
| 1:49 | Scout Tower |
| 1:52 | Peasant |
| 1:54 | Arcane Tower |
| 2:06 | Blizzard |
| 2:11 | Guard Tower |
| 2:14 | Scout Tower |
| 2:21 | Guard Tower |
| 2:29 | Guard Tower |
| 2:30 | Scout Tower |
| 2:33 | Scout Tower |
| 2:34 | Scout Tower |
| 2:56 | Scout Tower |
| 2:59 | Guard Tower |
| 3:00 | Scout Tower |
| 3:00 | Scout Tower |
| 3:00 | Scout Tower |
| 3:02 | Arcane Tower |
| 3:03 | Scout Tower |
| 3:09 | Peasant |
| 3:09 | Peasant |
| 3:10 | Improved Masonry |
| 3:30 | Scout Tower |
| 3:34 | Guard Tower |
| 3:38 | Guard Tower |
| 3:41 | Staff of Teleportation |
| 3:41 | Boots of Speed |
| 3:44 | Scout Tower |
| 3:45 | Keep |
| 3:46 | Guard Tower |
| 3:48 | Scout Tower |
| 4:07 | Guard Tower |
| 4:08 | Scout Tower |
| 4:11 | Advanced Masonry |
| 4:16 | Scout Tower |
| 4:30 | Guard Tower |
| 5:00 | Guard Tower |
| 5:00 | Scout Tower |
| 5:01 | Guard Tower |
| 5:02 | Scout Tower |
| 5:03 | Scout Tower |
| 5:04 | Guard Tower |
| 5:04 | Guard Tower |
| 5:16 | Farm |
| 5:16 | Farm |
| 5:30 | Farm |
| 5:49 | Guard Tower |
| 5:54 | Farm |
| 6:00 | Guard Tower |
| 6:01 | Scout Tower |
| 6:01 | Scout Tower |
| 6:03 | Scout Tower |
| 6:04 | Scout Tower |
| 6:05 | Scout Tower |
| 6:05 | Scout Tower |
| 6:05 | Scout Tower |
| 6:20 | Brilliance Aura |
| 7:05 | Arcane Vault |
| 7:23 | Imbued Masonry |
| 7:23 | Improved Lumber Harvesting |
| 7:24 | Guard Tower |
| 7:27 | Scout Tower |
| 7:28 | Scout Tower |
| 7:28 | Scout Tower |
| 7:28 | Scout Tower |
| 7:46 | Storm Bolt |
| 7:53 | Castle |
| 8:07 | Guard Tower |
| 8:07 | Guard Tower |
| 8:08 | Guard Tower |
| 8:10 | Scout Tower |
| 8:11 | Scout Tower |
| 8:11 | Scout Tower |
| 8:11 | Scout Tower |
| 8:39 | Guard Tower |
| 9:00 | Town Hall |
| 9:05 | Scout Tower |
| 9:08 | Scout Tower |
| 9:08 | Scout Tower |
| 9:09 | Scout Tower |
| 9:10 | Scout Tower |
| 9:11 | Scout Tower |
| 9:12 | Scout Tower |
| 9:12 | Scout Tower |
| 9:12 | Scout Tower |
| 9:13 | Scout Tower |
| 9:31 | Arcane Tower |
| 9:36 | Arcane Sanctum |
| 9:41 | Guard Tower |
| 9:59 | Guard Tower |
| 10:03 | Guard Tower |
| 10:03 | Guard Tower |
| 10:06 | Scout Tower |
| 10:29 | Peasant |
| 10:30 | Peasant |
| 10:30 | Peasant |
| 10:30 | Peasant |
| 10:51 | Guard Tower |
| 10:52 | Guard Tower |
| 10:54 | Magic Sentry |
| 10:54 | Priest |
| 10:56 | Guard Tower |
| 11:25 | Guard Tower |
| 11:41 | Scout Tower |
| 11:41 | Scout Tower |
| 11:41 | Peasant |
| 11:51 | Staff of Sanctuary |
| 12:05 | Guard Tower |
| 12:10 | Potion of Invisibility |
| 12:13 | Dust of Appearance |
| 12:19 | Staff of Teleportation |
| 12:20 | Potion of Lesser Invulnerability |
| 12:33 | Scout Tower |
| 12:33 | Scout Tower |
| 12:34 | Holy Light |
| 12:45 | Guard Tower |
| 12:48 | Arcane Vault |
| 12:51 | Scout Tower |
| 12:52 | Scout Tower |
| 12:52 | Scout Tower |
| 12:53 | Scout Tower |
| 12:53 | Scout Tower |
| 12:54 | Scout Tower |
| 13:06 | Scout Tower |
| 13:09 | Scout Tower |
| 13:09 | Scout Tower |
| 13:16 | Scout Tower |
| 13:17 | Scout Tower |
| 13:18 | Scout Tower |
| 13:18 | Scout Tower |
| 13:19 | Scout Tower |
| 13:20 | Scout Tower |
| 13:20 | Scout Tower |
| 13:20 | Scout Tower |
| 13:25 | Scout Tower |
| 13:25 | Scout Tower |
| 13:26 | Scout Tower |
| 13:26 | Scout Tower |
| 13:26 | Scout Tower |
| 13:28 | Guard Tower |
| 13:28 | Guard Tower |
| 13:32 | Scout Tower |
| 13:33 | Scout Tower |
| 13:34 | Scout Tower |
| 13:36 | Scout Tower |
| 13:46 | Guard Tower |
| 13:49 | Scout Tower |
| 13:50 | Scout Tower |
| 13:53 | Bash |
| 13:57 | Guard Tower |
| 14:04 | Arcane Vault |
| 14:05 | Guard Tower |
| 14:20 | Priest Adept Training |
| 14:25 | Staff of Sanctuary |
| 14:29 | Staff of Sanctuary |
| 14:31 | Potion of Healing |
| 14:40 | Guard Tower |
| 14:41 | Guard Tower |
| 14:43 | Guard Tower |
| 15:11 | Guard Tower |
| 15:12 | Guard Tower |
| 15:13 | Guard Tower |
| 15:13 | Guard Tower |
| 15:13 | Guard Tower |
| 15:15 | Scout Tower |
| 15:15 | Scout Tower |
| 15:19 | Scout Tower |
| 15:21 | Arcane Vault |
| 15:23 | Guard Tower |
| 15:24 | Guard Tower |
| 15:25 | Scout Tower |
| 15:26 | Scout Tower |
| 15:33 | Scroll of Town Portal |
| 15:42 | Scout Tower |
| 15:42 | Scout Tower |
| 15:53 | Blizzard |
| 16:04 | Guard Tower |
| 16:08 | Guard Tower |
| 16:14 | Guard Tower |
| 16:15 | Scout Tower |
| 16:16 | Scout Tower |
| 16:16 | Scout Tower |
| 16:19 | Scout Tower |
| 16:20 | Scout Tower |
| 16:20 | Scout Tower |
| 16:21 | Scout Tower |
| 16:22 | Guard Tower |
| 16:23 | Scout Tower |
| 16:24 | Scout Tower |
| 16:24 | Scout Tower |
| 16:24 | Scout Tower |
| 16:26 | Scout Tower |
| 16:26 | Scout Tower |
| 16:29 | Scout Tower |
| 16:29 | Scout Tower |
| 16:30 | Scout Tower |
| 16:30 | Scout Tower |
| 16:33 | Scout Tower |
| 16:34 | Scout Tower |
| 16:34 | Scout Tower |
| 16:34 | Scout Tower |
| 16:34 | Scout Tower |
| 16:35 | Guard Tower |
| 16:55 | Guard Tower |
| 16:56 | Scout Tower |
| 16:57 | Scout Tower |
| 16:57 | Scout Tower |
| 16:57 | Scout Tower |
| 17:07 | Guard Tower |
| 17:09 | Guard Tower |
| 17:19 | Guard Tower |
| 17:35 | Guard Tower |
| 17:36 | Scout Tower |
| 17:37 | Scout Tower |
| 17:37 | Scout Tower |
| 17:44 | Gryphon Aviary |
| 17:52 | Guard Tower |
| 17:54 | Guard Tower |
| 18:09 | Blacksmith |
| 18:11 | Farm |
| 18:17 | Scroll of Town Portal |
| 18:19 | Periapt of Vitality |
| 18:21 | Boots of Speed |
| 18:21 | Staff of Teleportation |
| 18:27 | Guard Tower |
| 18:28 | Guard Tower |
| 18:30 | Arcane Tower |
| 18:51 | Scout Tower |
| 18:51 | Scout Tower |
| 18:52 | Scout Tower |
| 18:52 | Scout Tower |
| 18:53 | Scout Tower |
| 18:53 | Scout Tower |
| 18:53 | Scout Tower |
| 19:18 | Guard Tower |
| 19:24 | Guard Tower |
| 19:24 | Guard Tower |
| 19:26 | Guard Tower |
| 19:27 | Scout Tower |
| 19:28 | Scout Tower |
| 19:29 | Scout Tower |
| 19:30 | Scout Tower |
| 19:32 | Guard Tower |
| 19:34 | Scout Tower |
| 19:34 | Scout Tower |
| 19:35 | Scout Tower |
| 19:35 | Scout Tower |
| 20:24 | Scout Tower |
| 20:25 | Scout Tower |
| 20:26 | Guard Tower |
| 20:30 | Dragonhawk Rider |
| 20:30 | Dragonhawk Rider |
| 20:32 | Iron Forged Swords |
| 20:32 | Studded Leather Armor |
| 20:35 | Barracks |
| 20:36 | Guard Tower |
| 20:52 | Scroll of Town Portal |
| 20:59 | Scout Tower |
| 21:00 | Scout Tower |
| 21:00 | Scout Tower |
| 21:01 | Scout Tower |
| 21:01 | Scout Tower |
| 21:01 | Scout Tower |
| 21:03 | Scout Tower |
| 21:04 | Scout Tower |
| 21:06 | Guard Tower |
| 21:06 | Guard Tower |
| 21:15 | Dragonhawk Rider |
| 21:17 | Guard Tower |
| 21:17 | Guard Tower |
| 21:18 | Guard Tower |
| 21:19 | Scout Tower |
| 21:20 | Scout Tower |
| 21:20 | Scout Tower |
| 21:24 | Guard Tower |
| 21:24 | Guard Tower |
| 21:33 | Arcane Tower |
| 21:36 | Dragonhawk Rider |
| 21:45 | Guard Tower |
| 21:46 | Guard Tower |
| 22:29 | Guard Tower |
| 23:01 | Guard Tower |
| 23:08 | Divine Shield |
| 23:16 | Guard Tower |
| 23:42 | Dragonhawk Rider |
| 23:43 | Cloud |
| 23:44 | Animal War Training |
| 23:45 | Steel Forged Swords |
| 23:45 | Reinforced Leather Armor |
| 23:49 | Storm Hammers |
| 23:51 | Gryphon Aviary |
| 23:55 | Guard Tower |
| 24:25 | Guard Tower |
| 24:26 | Guard Tower |
| 24:26 | Guard Tower |
| 24:31 | Scout Tower |
| 24:32 | Scout Tower |
| 24:33 | Scout Tower |
| 24:33 | Scout Tower |
| 24:33 | Scout Tower |
| 24:49 | Scout Tower |
| 24:50 | Scout Tower |
| 24:50 | Scout Tower |
| 24:52 | Scout Tower |
| 24:52 | Scout Tower |
| 24:52 | Scout Tower |
| 24:53 | Scout Tower |
| 24:53 | Scout Tower |
| 24:54 | Scout Tower |
| 25:25 | Guard Tower |
| 25:27 | Guard Tower |
| 25:27 | Guard Tower |
| 25:28 | Guard Tower |
| 25:53 | Guard Tower |
| 26:01 | Scout Tower |
| 26:02 | Scout Tower |
| 26:04 | Scout Tower |
| 26:04 | Scout Tower |
| 26:05 | Scout Tower |
| 27:09 | Guard Tower |
| 27:09 | Guard Tower |
| 27:13 | Guard Tower |
| 27:14 | Guard Tower |
| 27:27 | Arcane Tower |
| 27:43 | Guard Tower |
| 27:53 | Arcane Tower |
| 28:34 | Guard Tower |
| 28:34 | Guard Tower |
| 28:44 | Storm Bolt |
| 29:12 | Dragonhawk Rider |
| 29:13 | Dragonhawk Rider |
| 31:36 | Brilliance Aura |
| 34:56 | Holy Light |
| 42:23 | Bash |
| 43:53 | Brilliance Aura |
| 58:18 | Divine Shield |
| 67:44 | Storm Bolt |
| 67:46 | Mass Teleport |
| 73:41 | Holy Light |
| 81:10 | Avatar |
| Right click | 9793 |
| Select | 1994 |
| Select group | 1699 |
| Build/train/purchase | 657 |
| Chat | 460 |
| Use ability | 441 |
| Misc. action | 37 |
| Assign group | 25 |
| Minimap ping | 17 |
| Resource trade | 7 |
| Item give/drop | 2 |
| Esc | 1 |



| Orb of Venom | 2 | 650 |
| Staff of Preservation | 3 | 450 |
| Lesser Clarity Potion | 1 | 70 |
| Boots of Speed | 5 | 1250 |
| Staff of Teleportation | 3 | 450 |
| Circlet of Nobility | 5 | 875 |
| Periapt of Vitality | 1 | 325 |
| Orb of Corruption | 1 | 375 |
| total: | 21 | 4445g |
| Wisp | 39 | 2340 | / | 0 |
| total: | 39 | 2340g | / | 0w |
| Altar of Elders | 1 | 180 | / | 50 |
| Moon Well | 24 | 4320 | / | 960 |
| Hunter's Hall | 1 | 210 | / | 100 |
| Ancient of Wonders | 1 | 90 | / | 30 |
| Tree of Life | 2 | 680 | / | 370 |
| Tree of Ages | 2 | 640 | / | 360 |
| Tree of Eternity | 1 | 330 | / | 200 |
| total: | 29 | 5480g | / | 1510w |
| 0:01 | Wisp |
| 0:06 | Altar of Elders |
| 0:07 | Wisp |
| 0:16 | Moon Well |
| 0:19 | Wisp |
| 0:34 | Wisp |
| 0:51 | Wisp |
| 1:01 | Wisp |
| 1:16 | Wisp |
| 1:26 | Moon Well |
| 1:37 | Wisp |
| 1:49 | Wisp |
| 2:05 | Wisp |
| 2:08 | Entangling Roots |
| 2:16 | Wisp |
| 2:30 | Moon Well |
| 3:00 | Wisp |
| 3:31 | Tree of Ages |
| 4:06 | Moon Well |
| 4:55 | Moon Well |
| 5:55 | Tree of Eternity |
| 6:02 | Hunter's Hall |
| 6:26 | Moon Well |
| 6:30 | Boots of Speed |
| 6:30 | Staff of Teleportation |
| 7:00 | Frost Arrows |
| 7:22 | Moon Well |
| 7:40 | Ultravision |
| 7:57 | Moon Well |
| 8:31 | Well Spring |
| 8:59 | Nature's Blessing |
| 9:38 | Wisp |
| 10:09 | Wisp |
| 10:11 | Wisp |
| 10:30 | Wisp |
| 10:53 | Wisp |
| 10:56 | Wisp |
| 11:14 | Thorns Aura |
| 11:38 | Wisp |
| 11:38 | Wisp |
| 11:42 | Wisp |
| 11:42 | Wisp |
| 11:55 | Ancient of Wonders |
| 12:05 | Wisp |
| 12:30 | Wisp |
| 12:58 | Boots of Speed |
| 13:01 | Circlet of Nobility |
| 13:27 | Wisp |
| 13:28 | Wisp |
| 13:30 | Tree of Life |
| 13:44 | Moon Well |
| 13:49 | Orb of Venom |
| 13:51 | Staff of Preservation |
| 13:55 | Searing Arrows |
| 14:01 | Wisp |
| 14:01 | Wisp |
| 14:16 | Boots of Speed |
| 14:16 | Boots of Speed |
| 14:17 | Boots of Speed |
| 14:21 | Staff of Teleportation |
| 15:32 | Moon Well |
| 15:42 | Lesser Clarity Potion |
| 16:08 | Circlet of Nobility |
| 16:17 | Wisp |
| 16:17 | Wisp |
| 16:17 | Wisp |
| 16:17 | Wisp |
| 16:17 | Wisp |
| 16:23 | Staff of Teleportation |
| 16:53 | Staff of Preservation |
| 17:02 | Moon Well |
| 18:06 | Moon Well |
| 18:15 | Forked Lightning |
| 18:40 | Wisp |
| 18:43 | Tree of Life |
| 18:51 | Circlet of Nobility |
| 18:56 | Periapt of Vitality |
| 19:04 | Moon Well |
| 19:23 | Staff of Preservation |
| 19:37 | Moon Well |
| 21:23 | Wisp |
| 21:23 | Wisp |
| 21:24 | Wisp |
| 21:24 | Wisp |
| 21:24 | Wisp |
| 21:36 | Circlet of Nobility |
| 24:08 | Orb of Venom |
| 24:16 | Orb of Corruption |
| 24:23 | Circlet of Nobility |
| 27:10 | Moon Well |
| 27:11 | Moon Well |
| 27:28 | Moon Well |
| 27:31 | Moon Well |
| 28:00 | Trueshot Aura |
| 29:16 | Entangling Roots |
| 29:42 | Moon Well |
| 30:55 | Frost Arrows |
| 31:41 | Moon Well |
| 31:42 | Moon Well |
| 32:32 | Searing Arrows |
| 32:58 | Moon Well |
| 46:25 | Forked Lightning |
| 46:33 | Moon Well |
| 46:37 | Moon Well |
| 49:31 | Thorns Aura |
| 50:13 | Trueshot Aura |
| 69:50 | Frost Arrows |
| 74:59 | Entangling Roots |
| 75:35 | Trueshot Aura |
| 85:10 | Tornado |
| Right click | 6820 |
| Select group | 3615 |
| Select | 817 |
| Resource trade | 460 |
| Assign group | 429 |
| Use ability | 309 |
| Chat | 166 |
| Build/train/purchase | 157 |
| Misc. action | 25 |
| Item give/drop | 4 |
| Minimap ping | 3 |
| Remove unit | 1 |
211 units @ 28.3k
/ 5.1k
202 buildings @ 25.5k
/ 12.2k



| Scroll of Regeneration | 3 | 300 |
| Orb of Fire | 2 | 650 |
| Staff of Sanctuary | 1 | 250 |
| Potion of Healing | 1 | 150 |
| Scroll of Town Portal | 6 | 2100 |
| Potion of Lesser Invulnerability | 2 | 300 |
| total: | 15 | 3750g |
| Peasant | 55 | 4125 | / | 0 |
| Footman | 5 | 675 | / | 0 |
| Rifleman | 6 | 1230 | / | 180 |
| Mortar Team | 11 | 1980 | / | 770 |
| Siege Engine | 6 | 1170 | / | 360 |
| Knight | 1 | 245 | / | 60 |
| Dragonhawk Rider | 5 | 1000 | / | 150 |
| Flying Machine | 4 | 400 | / | 120 |
| Gryphon Rider | 26 | 7280 | / | 1820 |
| total: | 119 | 18105g | / | 3460w |
| Scout Tower | 36 | 1080 | / | 720 |
| Guard Tower | 10 | 700 | / | 500 |
| Altar of Kings | 2 | 360 | / | 100 |
| Farm | 15 | 1200 | / | 300 |
| Barracks | 1 | 160 | / | 60 |
| Arcane Vault | 1 | 130 | / | 30 |
| Blacksmith | 2 | 280 | / | 120 |
| Lumber Mill | 1 | 120 | / | 0 |
| Town Hall | 2 | 770 | / | 410 |
| Cannon Tower | 8 | 960 | / | 800 |
| Workshop | 3 | 420 | / | 420 |
| Gryphon Aviary | 7 | 980 | / | 1050 |
| Keep | 1 | 320 | / | 210 |
| Castle | 1 | 360 | / | 210 |
| total: | 70 | 5500g | / | 3210w |
| 0:03 | Peasant |
| 0:05 | Altar of Kings |
| 0:10 | Peasant |
| 0:19 | Farm |
| 0:20 | Barracks |
| 0:27 | Peasant |
| 0:46 | Peasant |
| 0:50 | Farm |
| 0:56 | Peasant |
| 1:08 | Peasant |
| 1:16 | Peasant |
| 1:22 | Footman |
| 1:36 | Footman |
| 1:45 | Farm |
| 1:53 | Peasant |
| 2:05 | Footman |
| 2:08 | Summon Water Elemental |
| 2:50 | Keep |
| 3:08 | Footman |
| 3:37 | Arcane Vault |
| 3:56 | Blacksmith |
| 4:23 | Footman |
| 4:26 | Farm |
| 4:50 | Lumber Mill |
| 4:53 | Scroll of Regeneration |
| 5:26 | Workshop |
| 5:30 | Workshop |
| 5:38 | Brilliance Aura |
| 5:51 | Rifleman |
| 6:34 | Mortar Team |
| 6:37 | Castle |
| 6:48 | Improved Lumber Harvesting |
| 7:07 | Flare |
| 7:11 | Farm |
| 7:13 | Farm |
| 7:20 | Scroll of Regeneration |
| 7:35 | Black Gunpowder |
| 8:18 | Rifleman |
| 8:21 | Farm |
| 8:23 | Improved Masonry |
| 8:32 | Summon Water Elemental |
| 8:36 | Flame Strike |
| 8:37 | Siphon Mana |
| 8:45 | Town Hall |
| 9:00 | Fragmentation Shards |
| 9:03 | Mortar Team |
| 9:48 | Mortar Team |
| 9:53 | Refined Gunpowder |
| 9:54 | Imbued Gunpowder |
| 10:18 | Long Rifles |
| 11:16 | Flame Strike |
| 11:20 | Mortar Team |
| 11:34 | Rifleman |
| 11:40 | Studded Leather Armor |
| 11:44 | Siege Engine |
| 11:47 | Flying Machine Bombs |
| 11:49 | Flak Cannons |
| 11:55 | Peasant |
| 11:55 | Peasant |
| 11:56 | Scout Tower |
| 11:58 | Scout Tower |
| 11:59 | Scout Tower |
| 12:32 | Peasant |
| 12:32 | Peasant |
| 12:34 | Guard Tower |
| 12:37 | Peasant |
| 12:37 | Peasant |
| 12:40 | Mortar Team |
| 12:42 | Rifleman |
| 12:56 | Farm |
| 12:57 | Farm |
| 13:04 | Scroll of Town Portal |
| 13:38 | Orb of Fire |
| 13:38 | Staff of Sanctuary |
| 13:56 | Rifleman |
| 14:00 | Barrage |
| 14:04 | Knight |
| 15:25 | Mortar Team |
| 15:26 | Mortar Team |
| 15:59 | Mortar Team |
| 16:09 | Scroll of Town Portal |
| 16:12 | Scroll of Regeneration |
| 16:17 | Rifleman |
| 17:00 | Siege Engine |
| 17:50 | Siege Engine |
| 17:51 | Farm |
| 17:52 | Farm |
| 18:14 | Guard Tower |
| 18:25 | Peasant |
| 18:25 | Peasant |
| 18:27 | Siege Engine |
| 18:47 | Iron Plating |
| 18:53 | Scroll of Town Portal |
| 19:33 | Farm |
| 19:34 | Farm |
| 20:41 | Steel Plating |
| 21:00 | Town Hall |
| 21:30 | Storm Bolt |
| 21:53 | Gryphon Aviary |
| 22:38 | Blizzard |
| 22:45 | Cloud |
| 22:45 | Dragonhawk Rider |
| 22:48 | Gryphon Aviary |
| 22:50 | Gryphon Aviary |
| 23:47 | Dragonhawk Rider |
| 24:08 | Iron Forged Swords |
| 24:18 | Siege Engine |
| 24:38 | Dragonhawk Rider |
| 24:48 | Scout Tower |
| 24:52 | Peasant |
| 25:01 | Scroll of Town Portal |
| 25:01 | Orb of Fire |
| 25:25 | Peasant |
| 25:25 | Peasant |
| 25:29 | Guard Tower |
| 25:32 | Scout Tower |
| 25:35 | Scout Tower |
| 25:38 | Peasant |
| 25:38 | Peasant |
| 25:41 | Dragonhawk Rider |
| 25:41 | Dragonhawk Rider |
| 25:59 | Guard Tower |
| 26:01 | Scout Tower |
| 26:07 | Guard Tower |
| 26:27 | Scout Tower |
| 26:28 | Scout Tower |
| 26:29 | Scout Tower |
| 26:57 | Guard Tower |
| 27:09 | Peasant |
| 27:13 | Advanced Lumber Harvesting |
| 27:15 | Advanced Masonry |
| 27:17 | Steel Forged Swords |
| 27:45 | Guard Tower |
| 27:47 | Peasant |
| 27:47 | Peasant |
| 27:53 | Siege Engine |
| 28:59 | Guard Tower |
| 29:06 | Scout Tower |
| 29:06 | Scout Tower |
| 29:13 | Scout Tower |
| 29:15 | Scout Tower |
| 29:16 | Scout Tower |
| 29:17 | Scout Tower |
| 29:26 | Scout Tower |
| 29:30 | Peasant |
| 30:17 | Scout Tower |
| 30:18 | Scout Tower |
| 30:18 | Scout Tower |
| 30:19 | Scout Tower |
| 31:03 | Cannon Tower |
| 31:11 | Guard Tower |
| 31:13 | Scout Tower |
| 31:14 | Scout Tower |
| 31:39 | Guard Tower |
| 31:48 | Peasant |
| 31:48 | Peasant |
| 31:49 | Peasant |
| 31:59 | Peasant |
| 32:33 | Altar of Kings |
| 32:35 | Farm |
| 32:39 | Farm |
| 33:07 | Scout Tower |
| 33:24 | Scout Tower |
| 33:29 | Scout Tower |
| 33:31 | Scout Tower |
| 33:34 | Cannon Tower |
| 33:57 | Cannon Tower |
| 34:02 | Workshop |
| 34:05 | Peasant |
| 34:06 | Cannon Tower |
| 34:08 | Scout Tower |
| 34:16 | Peasant |
| 34:22 | Scout Tower |
| 34:33 | Scout Tower |
| 34:35 | Peasant |
| 34:35 | Peasant |
| 34:39 | Cannon Tower |
| 34:49 | Cannon Tower |
| 35:12 | Peasant |
| 35:12 | Peasant |
| 35:17 | Scout Tower |
| 35:19 | Peasant |
| 35:21 | Scout Tower |
| 35:54 | Scout Tower |
| 36:07 | Cannon Tower |
| 36:08 | Scout Tower |
| 36:18 | Peasant |
| 36:41 | Scout Tower |
| 36:48 | Cannon Tower |
| 36:55 | Mortar Team |
| 36:55 | Mortar Team |
| 36:55 | Mortar Team |
| 37:09 | Peasant |
| 37:10 | Peasant |
| 38:09 | Scroll of Town Portal |
| 38:52 | Peasant |
| 40:05 | Flying Machine |
| 40:05 | Flying Machine |
| 40:06 | Flying Machine |
| 41:53 | Peasant |
| 43:35 | Peasant |
| 44:04 | Peasant |
| 44:20 | Flying Machine |
| 44:32 | Peasant |
| 45:06 | Peasant |
| 45:34 | Peasant |
| 46:21 | Peasant |
| 47:22 | Peasant |
| 47:22 | Peasant |
| 48:02 | Scroll of Town Portal |
| 48:02 | Potion of Lesser Invulnerability |
| 48:09 | Peasant |
| 48:31 | Peasant |
| 49:12 | Peasant |
| 50:36 | Peasant |
| 50:40 | Gryphon Aviary |
| 50:44 | Gryphon Aviary |
| 50:48 | Gryphon Aviary |
| 51:10 | Gryphon Aviary |
| 52:00 | Gryphon Rider |
| 52:08 | Storm Hammers |
| 52:24 | Gryphon Rider |
| 52:26 | Gryphon Rider |
| 52:27 | Gryphon Rider |
| 52:50 | Gryphon Rider |
| 52:53 | Gryphon Rider |
| 52:53 | Gryphon Rider |
| 53:54 | Potion of Lesser Invulnerability |
| 54:09 | Gryphon Rider |
| 54:10 | Gryphon Rider |
| 54:44 | Potion of Healing |
| 56:06 | Gryphon Rider |
| 56:34 | Gryphon Rider |
| 59:51 | Gryphon Rider |
| 60:06 | Gryphon Rider |
| 60:06 | Gryphon Rider |
| 61:01 | Peasant |
| 62:04 | Peasant |
| 62:53 | Gryphon Rider |
| 62:53 | Gryphon Rider |
| 63:40 | Gryphon Rider |
| 63:41 | Gryphon Rider |
| 64:05 | Blacksmith |
| 65:34 | Mithril Plating |
| 65:36 | Reinforced Leather Armor |
| 69:58 | Gryphon Rider |
| 71:02 | Gryphon Rider |
| 71:27 | Gryphon Rider |
| 71:27 | Gryphon Rider |
| 71:50 | Gryphon Rider |
| 71:50 | Gryphon Rider |
| 72:44 | Gryphon Rider |
| 72:46 | Gryphon Rider |
| 74:52 | Scout Tower |
| Right click | 2270 |
| Select | 1371 |
| Misc. action | 713 |
| Chat | 453 |
| Build/train/purchase | 260 |
| Use ability | 66 |
| Assign group | 59 |
| Select group | 49 |
| Minimap ping | 14 |
| Resource trade | 10 |
| Esc | 8 |
| Remove unit | 7 |
| Item give/drop | 4 |


| Healing Salve | 2 | 200 |
| Lesser Clarity Potion | 6 | 420 |
| Orb of Lightning | 2 | 750 |
| Potion of Healing | 1 | 150 |
| Potion of Mana | 1 | 200 |
| Scroll of Town Portal | 8 | 2800 |
| Boots of Speed | 2 | 500 |
| Circlet of Nobility | 1 | 175 |
| Staff of Teleportation | 2 | 300 |
| Potion of Lesser Invulnerability | 14 | 2100 |
| Periapt of Vitality | 1 | 325 |
| total: | 40 | 7920g |
| Peon | 12 | 900 | / | 0 |
| Wind Rider | 3 | 795 | / | 120 |
| Raider | 14 | 2520 | / | 560 |
| Kodo Beast | 2 | 510 | / | 120 |
| total: | 31 | 4725g | / | 800w |
| Watch Tower | 50 | 5500 | / | 4000 |
| Altar of Storms | 1 | 180 | / | 50 |
| Orc Burrow | 7 | 1120 | / | 280 |
| Voodoo Lounge | 1 | 130 | / | 30 |
| Barracks | 1 | 180 | / | 50 |
| War Mill | 1 | 205 | / | 0 |
| Great Hall | 1 | 385 | / | 185 |
| Beastiary | 2 | 290 | / | 280 |
| Stronghold | 2 | 630 | / | 380 |
| Fortress | 1 | 325 | / | 190 |
| total: | 64 | 7990g | / | 4875w |
| 0:02 | Peon |
| 0:02 | Peon |
| 0:05 | Altar of Storms |
| 0:08 | Orc Burrow |
| 0:23 | Peon |
| 0:35 | Voodoo Lounge |
| 0:42 | Peon |
| 1:23 | Peon |
| 1:23 | Peon |
| 1:35 | Barracks |
| 1:45 | Peon |
| 1:53 | Orc Burrow |
| 1:57 | Peon |
| 2:06 | Healing Salve |
| 2:07 | Lesser Clarity Potion |
| 2:11 | Lesser Clarity Potion |
| 2:14 | Wind Walk |
| 2:56 | Stronghold |
| 3:44 | War Mill |
| 4:59 | Boots of Speed |
| 4:59 | Circlet of Nobility |
| 5:08 | Watch Tower |
| 5:11 | Watch Tower |
| 5:12 | Spiked Barricades |
| 5:48 | Watch Tower |
| 5:52 | Watch Tower |
| 5:54 | Fortress |
| 6:03 | Scroll of Town Portal |
| 6:06 | Healing Salve |
| 6:06 | Lesser Clarity Potion |
| 6:08 | Lesser Clarity Potion |
| 6:34 | Improved Spiked Barricades |
| 6:48 | Beastiary |
| 6:54 | Beastiary |
| 7:23 | Critical Strike |
| 7:49 | Reinforced Defenses |
| 8:25 | Wind Rider |
| 8:27 | Wind Rider |
| 9:03 | Wind Walk |
| 9:15 | Wind Rider |
| 10:17 | Staff of Teleportation |
| 10:50 | Orb of Lightning |
| 10:52 | Lesser Clarity Potion |
| 11:13 | Orc Burrow |
| 11:14 | Orc Burrow |
| 13:38 | Raider |
| 13:39 | Ensnare |
| 13:42 | Raider |
| 13:48 | Watch Tower |
| 13:56 | Great Hall |
| 13:59 | Watch Tower |
| 14:02 | Watch Tower |
| 14:27 | Raider |
| 14:28 | Raider |
| 14:33 | Orc Burrow |
| 14:44 | Raider |
| 15:43 | Watch Tower |
| 15:44 | Watch Tower |
| 15:45 | Watch Tower |
| 16:12 | Steel Melee Weapons |
| 17:01 | Peon |
| 17:01 | Peon |
| 17:01 | Peon |
| 17:02 | Peon |
| 18:49 | Raider |
| 18:51 | Thorium Melee Weapons |
| 18:54 | Orc Burrow |
| 18:57 | Orc Burrow |
| 19:22 | Watch Tower |
| 19:23 | Watch Tower |
| 19:24 | Watch Tower |
| 20:18 | Critical Strike |
| 23:34 | Kodo Beast |
| 23:35 | Kodo Beast |
| 23:37 | Raider |
| 23:37 | Raider |
| 23:37 | Raider |
| 23:37 | Raider |
| 23:38 | Arcanite Melee Weapons |
| 23:54 | Watch Tower |
| 23:55 | Watch Tower |
| 23:57 | Watch Tower |
| 23:59 | Watch Tower |
| 24:02 | Watch Tower |
| 24:04 | Watch Tower |
| 24:20 | Watch Tower |
| 24:21 | Watch Tower |
| 24:25 | Watch Tower |
| 24:30 | Watch Tower |
| 24:33 | Watch Tower |
| 25:02 | Watch Tower |
| 25:02 | Watch Tower |
| 25:08 | Watch Tower |
| 25:33 | Watch Tower |
| 26:28 | Watch Tower |
| 26:43 | Watch Tower |
| 27:08 | Watch Tower |
| 27:09 | Watch Tower |
| 27:39 | Watch Tower |
| 27:48 | Watch Tower |
| 29:07 | Watch Tower |
| 29:15 | Scroll of Town Portal |
| 29:20 | Potion of Lesser Invulnerability |
| 29:26 | Watch Tower |
| 29:28 | Watch Tower |
| 29:33 | Watch Tower |
| 29:51 | Raider |
| 29:52 | Raider |
| 30:01 | Orb of Lightning |
| 30:02 | Potion of Healing |
| 30:03 | Potion of Mana |
| 30:10 | Hex |
| 32:01 | Raider |
| 33:23 | Lesser Clarity Potion |
| 34:12 | Potion of Lesser Invulnerability |
| 34:18 | Boots of Speed |
| 34:19 | Staff of Teleportation |
| 34:48 | Wind Walk |
| 34:50 | Healing Wave |
| 36:44 | Potion of Lesser Invulnerability |
| 37:46 | Raider |
| 40:53 | Scroll of Town Portal |
| 41:03 | Potion of Lesser Invulnerability |
| 42:35 | Potion of Lesser Invulnerability |
| 44:17 | Scroll of Town Portal |
| 44:19 | Potion of Lesser Invulnerability |
| 51:09 | Potion of Lesser Invulnerability |
| 51:38 | Potion of Lesser Invulnerability |
| 55:18 | Periapt of Vitality |
| 56:40 | Scroll of Town Portal |
| 59:25 | Scroll of Town Portal |
| 59:30 | Scroll of Town Portal |
| 60:25 | Potion of Lesser Invulnerability |
| 60:47 | Potion of Lesser Invulnerability |
| 66:24 | Potion of Lesser Invulnerability |
| 69:20 | Potion of Lesser Invulnerability |
| 71:22 | Potion of Lesser Invulnerability |
| 71:22 | Potion of Lesser Invulnerability |
| 72:50 | Scroll of Town Portal |
| 75:01 | Watch Tower |
| 75:02 | Watch Tower |
| 75:09 | Watch Tower |
| 75:10 | Watch Tower |
| 75:12 | Watch Tower |
| 75:13 | Watch Tower |
| 75:16 | Watch Tower |
| 75:24 | Watch Tower |
| 75:26 | Watch Tower |
| 75:27 | Watch Tower |
| 75:34 | Watch Tower |
| 75:36 | Watch Tower |
| Right click | 7519 |
| Select group | 4445 |
| Select | 626 |
| Build/train/purchase | 335 |
| Use ability | 220 |
| Misc. action | 132 |
| Minimap ping | 77 |
| Assign group | 29 |
| Resource trade | 17 |
| Item give/drop | 7 |
| Chat | 5 |
| Esc | 3 |
HavingFun
(3)
(85:01) : 

| Staff of Preservation | 1 | 150 |
| Potion of Healing | 6 | 900 |
| Anti-magic Potion | 3 | 300 |
| Moonstone | 1 | 50 |
| Scroll of Town Portal | 5 | 1750 |
| Scroll of Healing | 1 | 250 |
| Potion of Lesser Invulnerability | 9 | 1350 |
| Scroll of Protection | 2 | 300 |
| Potion of Invisibility | 1 | 100 |
| total: | 29 | 5150g |
| Wisp | 45 | 2700 | / | 0 |
| Huntress | 4 | 780 | / | 80 |
| Dryad | 11 | 1595 | / | 660 |
| Mountain Giant | 1 | 350 | / | 100 |
| total: | 61 | 5425g | / | 840w |
| Ancient Protector | 14 | 1890 | / | 1120 |
| Altar of Elders | 1 | 180 | / | 50 |
| Moon Well | 43 | 7740 | / | 1720 |
| Hunter's Hall | 1 | 210 | / | 100 |
| Ancient of War | 1 | 150 | / | 60 |
| Tree of Life | 4 | 1360 | / | 740 |
| Ancient of Wonders | 2 | 180 | / | 60 |
| Ancient of Lore | 2 | 310 | / | 290 |
| Tree of Ages | 1 | 320 | / | 180 |
| Tree of Eternity | 3 | 990 | / | 600 |
| total: | 68 | 12020g | / | 4140w |
| 0:05 | Altar of Elders |
| 0:05 | Wisp |
| 0:05 | Wisp |
| 0:24 | Moon Well |
| 0:36 | Wisp |
| 0:36 | Wisp |
| 1:01 | Wisp |
| 1:19 | Wisp |
| 1:19 | Wisp |
| 1:44 | Hunter's Hall |
| 1:47 | Ancient of War |
| 1:48 | Wisp |
| 1:49 | Wisp |
| 2:05 | Moon Well |
| 2:20 | Trueshot Aura |
| 2:26 | Wisp |
| 2:26 | Wisp |
| 2:31 | Moon Well |
| 3:12 | Tree of Ages |
| 3:17 | Ancient Protector |
| 3:48 | Ancient Protector |
| 4:21 | Huntress |
| 4:54 | Huntress |
| 5:04 | Tree of Life |
| 5:50 | Huntress |
| 6:02 | Huntress |
| 6:38 | Tree of Eternity |
| 6:43 | Wisp |
| 6:43 | Wisp |
| 6:46 | Ancient of Lore |
| 6:46 | Ancient of Lore |
| 6:54 | Moon Well |
| 6:57 | Moon Well |
| 7:01 | Ultravision |
| 7:12 | Wisp |
| 7:20 | Scout |
| 8:32 | Entangling Roots |
| 8:46 | Dryad |
| 9:02 | Strength of the Wild |
| 9:07 | Ancient of Wonders |
| 9:09 | Tree of Eternity |
| 9:31 | Wisp |
| 9:31 | Wisp |
| 9:31 | Wisp |
| 9:37 | Wisp |
| 10:16 | Dryad |
| 10:46 | Dryad |
| 11:33 | Dryad |
| 11:34 | Dryad |
| 11:36 | Well Spring |
| 12:01 | Wisp |
| 12:01 | Wisp |
| 12:02 | Wisp |
| 12:09 | Trueshot Aura |
| 13:03 | Staff of Preservation |
| 13:04 | Potion of Healing |
| 13:05 | Anti-magic Potion |
| 13:11 | Nature's Blessing |
| 13:14 | Backpack |
| 13:16 | Improved Strength of the Wild |
| 13:16 | Reinforced Hides |
| 13:44 | Potion of Healing |
| 13:50 | Anti-magic Potion |
| 13:53 | Scroll of Town Portal |
| 14:03 | Abolish Magic |
| 14:20 | Mountain Giant |
| 14:21 | Resistant Skin |
| 15:13 | Force of Nature |
| 15:31 | Wisp |
| 15:31 | Wisp |
| 15:33 | Moon Well |
| 15:35 | Moon Well |
| 17:27 | Potion of Lesser Invulnerability |
| 17:28 | Scroll of Protection |
| 17:29 | Scroll of Healing |
| 17:30 | Potion of Invisibility |
| 18:59 | Wisp |
| 18:59 | Wisp |
| 18:59 | Wisp |
| 19:04 | Tree of Life |
| 19:05 | Ancient Protector |
| 19:05 | Ancient Protector |
| 19:05 | Ancient Protector |
| 19:33 | Advanced Strength of the Wild |
| 19:33 | Improved Reinforced Hides |
| 19:35 | Wisp |
| 19:35 | Wisp |
| 19:36 | Ancient Protector |
| 19:36 | Ancient Protector |
| 19:38 | Tree of Life |
| 20:37 | Wisp |
| 20:38 | Wisp |
| 20:39 | Ancient Protector |
| 20:40 | Ancient Protector |
| 20:45 | Dryad |
| 21:00 | Wisp |
| 21:00 | Wisp |
| 21:01 | Wisp |
| 21:01 | Wisp |
| 21:04 | Ancient of Wonders |
| 21:23 | Ancient Protector |
| 21:37 | Scout |
| 21:45 | Wisp |
| 21:45 | Wisp |
| 21:45 | Wisp |
| 21:46 | Wisp |
| 21:48 | Wisp |
| 22:38 | Entangling Roots |
| 23:29 | Dryad |
| 23:39 | Advanced Reinforced Hides |
| 24:08 | Scroll of Town Portal |
| 24:16 | Tree of Life |
| 24:19 | Ancient Protector |
| 24:20 | Ancient Protector |
| 24:59 | Potion of Lesser Invulnerability |
| 25:36 | Ancient Protector |
| 25:39 | Ancient Protector |
| 26:49 | Wisp |
| 26:49 | Wisp |
| 26:50 | Wisp |
| 26:50 | Wisp |
| 28:44 | Wisp |
| 28:44 | Wisp |
| 28:48 | Moon Well |
| 28:49 | Moon Well |
| 28:50 | Moon Well |
| 28:51 | Moon Well |
| 30:14 | Moon Well |
| 30:14 | Moon Well |
| 30:15 | Moon Well |
| 30:15 | Moon Well |
| 30:16 | Moon Well |
| 31:44 | Moon Well |
| 31:44 | Moon Well |
| 31:59 | Moon Well |
| 31:59 | Moon Well |
| 32:22 | Dryad |
| 32:22 | Dryad |
| 32:39 | Moon Well |
| 32:40 | Moon Well |
| 33:01 | Moon Well |
| 33:01 | Moon Well |
| 33:35 | Moon Well |
| 33:35 | Moon Well |
| 34:10 | Moon Well |
| 34:10 | Moon Well |
| 34:57 | Moon Well |
| 34:57 | Moon Well |
| 35:23 | Moon Well |
| 35:34 | Moon Well |
| 35:50 | Hardened Skin |
| 35:52 | Potion of Lesser Invulnerability |
| 35:55 | Scroll of Protection |
| 36:00 | Moon Well |
| 36:00 | Moon Well |
| 37:04 | Moon Well |
| 37:05 | Moon Well |
| 38:04 | Moon Well |
| 38:05 | Moon Well |
| 38:12 | Moon Well |
| 38:14 | Moon Well |
| 38:17 | Moon Well |
| 39:52 | Potion of Lesser Invulnerability |
| 40:19 | Potion of Healing |
| 40:23 | Potion of Healing |
| 41:19 | Moonstone |
| 43:22 | Scroll of Town Portal |
| 43:22 | Potion of Healing |
| 44:42 | Potion of Lesser Invulnerability |
| 45:10 | Moon Well |
| 45:11 | Moon Well |
| 47:52 | Scroll of Town Portal |
| 49:06 | Scroll of Town Portal |
| 51:20 | Dryad |
| 51:20 | Dryad |
| 55:02 | Potion of Lesser Invulnerability |
| 55:32 | Anti-magic Potion |
| 55:58 | Potion of Lesser Invulnerability |
| 57:47 | Force of Nature |
| 58:39 | Trueshot Aura |
| 62:01 | Potion of Healing |
| 63:40 | Potion of Lesser Invulnerability |
| 66:59 | Potion of Lesser Invulnerability |
| Right click | 6017 |
| Select group | 5348 |
| Select | 1469 |
| Resource trade | 272 |
| Build/train/purchase | 233 |
| Misc. action | 224 |
| Use ability | 100 |
| Minimap ping | 100 |
| Assign group | 33 |
| Item give/drop | 9 |
| Esc | 5 |
⇛